 Dungeon Crawl Stone Soup version 0.16-a0-3708-g05dc7d7 (webtiles) character file.

156 grisnicke the Caregiver (level 5, -2/37 HPs)
             Began as a Formicid Healer on Jan 19, 2015.
             Was a Believer of Elyvilon.
             Slain by an ogre
             ... wielding a +0 giant club
              (16 damage)
             ... on level 3 of the Dungeon.
             The game lasted 00:19:29 (3294 turns).

grisnicke the Caregiver (Formicid Healer)           Turns: 3294, Time: 00:19:29

Health: -2/37      AC:  6    Str: 16    XL:     5   Next: 64%
Magic:  8/14       EV:  9    Int: 12    God:    Elyvilon [**....]
Gold:   135        SH:  0    Dex: 11    Spells: 0 memorised, 4 levels left

rFire  . . .     SeeInvis +     p - +0 hand axe
rCold  . . .     Clarity  .     g - +0 scale mail
rNeg   . . .     SustAb   .     (no shield)
rPois  .         Gourm    .     (helmet unavailable)
rElec  .         Spirit   .     (no cloak)
rCorr  .         Warding  .     (no gloves)
rMut   .         Stasis   +     (no boots)
MR     .....                    (no amulet)
Stlth  ..........               (no ring)
                                (no ring)

@: not resistant to hostile enchantments, extremely unstealthy
A: permanent stasis, dig shafts and tunnels, four strong arms, antennae 3
a: Dig, Shaft Self, Lesser Healing, Lesser Self-Healing, Divine Protection,
Purification, Renounce Religion


You were on level 3 of the Dungeon.
You worshipped Elyvilon.
Elyvilon was pleased with you.
You were near starving.

You visited 1 branch of the dungeon, and saw 3 of its levels.

You collected 135 gold pieces.

Inventory:

Hand weapons
 j - a +0 club
 p - a +0 hand axe (weapon)
Missiles
 f - 52 stones (quivered)
 k - 13 poisoned needles
Armour
 a - a +1 robe
 g - a +0 scale mail (worn)
 i - a +0 chain mail
Scrolls
 h - 8 scrolls of identify {unknown}
 l - 2 scrolls of noise {unknown}
 m - a scroll of enchant weapon {unknown}
Potions
 b - a potion of curing
 c - 4 potions of heal wounds
 e - a potion of haste {unknown}
Comestibles
 d - 2 bread rations
 n - 2 meat rations
 o - 4 fruits


   Skills:
 - Level 1.1 Fighting
 - Level 1.7 Dodging
 + Level 6.9 Invocations


You had 4 spell levels left.
You didn't know any spells.

Dungeon Overview and Level Annotations

Branches:
Dungeon (3/15)

Altars:
Ashenzari

Annotations:
D:3 Johnny's ghost, average HEAr


Innate Abilities, Weirdness & Mutations

You are under a permanent stasis effect.
You can dig through walls and to a lower floor.
Your four strong arms can wield two-handed weapons with a shield.
You have a pair of large antennae on your head (SInv).


Message History

You are feeling very hungry.
The ogre hits you with a giant club!
* * * LOW HITPOINT WARNING * * *
Use which ability? (? or * to list)
You are healed.
You feel somewhat more hungry. The ogre barely misses you.
Use which ability? (? or * to list)
You are healed.
You feel somewhat more hungry. The ogre hits you with a giant club!
* * * LOW HITPOINT WARNING * * *
Use which ability? (? or * to list)
You are healed.
You feel somewhat more hungry.
Use which ability? (? or * to list)
You are healed.
You are near starving!
The ogre hits you with a giant club!
* * * LOW HITPOINT WARNING * * *
Use which ability? (? or * to list)
You are healed.
You feel somewhat more hungry. The ogre hits you with a giant club!
You die...

###.### #.....#
#...# #.....#
##..# ###.### ##.#
####. ###.##......
#......#
#.#.##.#####
#.#O##......#
#.#.@.......#
#.###..#.##.# ..##
..# #>. ..# #.#
.## ####.###....
##.......## ...
###### #........#
...#
##....###..##.#..#
#...#


You could see an ogre.

Vanquished Creatures
  A giant frog zombie (D:3)
  2 gnolls (D:2)
  A worm (D:2)
  4 giant geckos (D:2)
  2 giant cockroaches
  2 hobgoblins
  2 quokkas
  3 bats
  A giant newt (D:1)
  5 goblins
  A kobold (D:1)
  4 rats
28 creatures vanquished.

Vanquished Creatures (others)
  A gnoll (D:2)
1 creature vanquished.

Grand Total: 29 creatures vanquished

Notes
Turn   | Place    | Note
--------------------------------------------------------------
     0 | D:1      | grisnicke, the Formicid Healer, began the quest for the Orb.
     0 | D:1      | Reached XP level 1. HP: 15/15 MP: 2/2
   439 | D:1      | Reached XP level 2. HP: 16/21 MP: 5/5
   544 | D:1      | Reached skill level 4 in Invocations
   988 | D:1      | Reached XP level 3. HP: 22/26 MP: 5/7
  1644 | D:2      | Reached skill level 5 in Invocations
  1843 | D:2      | Found a shattered altar of Ashenzari.
  1866 | D:2      | Reached XP level 4. HP: 30/32 MP: 7/9
  2310 | D:2      | Reached skill level 6 in Invocations
  2395 | D:2      | Reached XP level 5. HP: 24/37 MP: 13/13
  3158 | D:3      | Noticed Johnny's ghost (average HEAr)
  3250 | D:3      | Noticed an ogre
  3294 | D:3      | Slain by an ogre

Action                   |  1- 3 |  4- 6 || total
-------------------------+-------+-------++-------
Melee: Unarmed           |    74 |       ||    74
       Club              |    42 |   148 ||   190
       Hand axe          |       |     3 ||     3
Throw: Stone             |    28 |     2 ||    30
Invok: Lesser Healing    |    45 |    34 ||    79
       Lesser Self-Heali |       |     7 ||     7
  Eat: Chunk             |     4 |     9 ||    13
       Bread ration      |     1 |       ||     1
       Beef jerky        |     1 |       ||     1
